General information
- name: BNet
- type: Ladder team game (AT/RT)
- host: Battle.net
- saver: TIMG5STrok
map: TwistedMeadows
- players: 4
- length: 14:08
- speed: Fast
- version: 1.24 W3XP
- replay type: Public
» download(112 KB)
Players
team 1 (loser)
ThePeachyPOOH (
blue | 135 APM | 1888 actions | 13:57)
4 Mountain King
2 Storm Bolt
2 Bash
1 Paladin
1 Holy Light
» actions
| Assign group hotkey | 67 | |
| Basic commands | 163 | |
| Build / train | 59 | |
| ESC pressed | 2 | |
| Enter build submenu | 17 | |
| Enter hero's abilities submenu | 5 | |
| Give item / drop item | 2 | |
| Right click | 779 | |
| Select / deselect | 431 | |
| Select group hotkey | 286 | |
| Use ability | 77 | |
1888 total
» units
| Peasant | 15 | |
| Footman | 14 | |
| Forest Troll Shadow Priest | 2 | |
| Forest Troll Berserker | 2 | |
| Spell Breaker | 2 | |
| Sorceress | 6 | |
| Priest | 3 | |
44 total
» upgrades
» buildings
| Altar of Kings | 2 | |
| Barracks | 1 | |
| Farm | 7 | |
| Arcane Vault | 1 | |
| Keep | 2 | |
| Lumber Mill | 1 | |
| Arcane Sanctum | 2 | |
16 total
» build order
00:06 Altar of Kings
00:15 Barracks
00:22 Farm
00:57 Farm
01:37 Farm
02:58 Arcane Vault
03:10 Farm
03:42 Keep
03:43 Keep
03:57 Farm
04:09 Farm
05:06 Farm
05:16 Lumber Mill
06:08 Arcane Sanctum
07:35 Arcane Sanctum
12:44 Altar of Kings
» items
| Scroll of Regeneration | 2 | |
| Boots of Speed | 1 | |
| Circlet of Nobility | 1 | |
| Potion of Healing | 1 | |
5 total
zA.AbazA (
red | 138 APM | 1949 actions | 14:06)
3 Death Knight
2 Death Coil
1 Unholy Aura
4 Lich
2 Frost Nova
2 Frost Armor
» actions
| Assign group hotkey | 86 | |
| Basic commands | 129 | |
| Build / train | 49 | |
| ESC pressed | 1 | |
| Enter build submenu | 16 | |
| Enter hero's abilities submenu | 8 | |
| Right click | 725 | |
| Select / deselect | 227 | |
| Select group hotkey | 644 | |
| Use ability | 64 | |
1949 total
» units
| Acolyte | 5 | |
| Ghoul | 3 | |
| Crypt Fiend | 12 | |
| Obsidian Statue | 1 | |
| Frost Wyrm | 2 | |
23 total
» buildings
| Graveyard | 2 | |
| Crypt | 1 | |
| Altar of Darkness | 1 | |
| Ziggurat | 6 | |
| Tomb of Relics | 1 | |
| Nerubian Tower | 5 | |
| Halls of the Dead | 1 | |
| Slaughterhouse | 1 | |
| Black Citadel | 4 | |
| Sacrificial Pit | 1 | |
| Boneyard | 2 | |
25 total
» build order
00:06 Graveyard
00:08 Graveyard
00:09 Crypt
00:42 Altar of Darkness
00:56 Ziggurat
01:22 Tomb of Relics
01:59 Ziggurat
02:32 Nerubian Tower
02:32 Nerubian Tower
02:32 Nerubian Tower
04:01 Halls of the Dead
05:16 Ziggurat
06:36 Slaughterhouse
07:09 Ziggurat
08:11 Black Citadel
08:11 Black Citadel
08:11 Black Citadel
09:02 Sacrificial Pit
10:38 Boneyard
10:40 Boneyard
10:41 Ziggurat
10:44 Ziggurat
» items
| Rod of Necromancy | 2 | |
| Scroll of Town Portal | 3 | |
| Orb of Corruption | 1 | |
6 total
team 2 (winner)

»
SDFWESDER (
purple | 144 APM | 2030 actions | 14:07)
5 Tauren Chieftain
2 Endurance Aura
3 War Stomp
» actions
| Assign group hotkey | 250 | |
| Basic commands | 1 | |
| Build / train | 66 | |
| ESC pressed | 1 | |
| Enter build submenu | 11 | |
| Enter hero's abilities submenu | 5 | |
| Give item / drop item | 2 | |
| Right click | 1051 | |
| Select / deselect | 188 | |
| Select group hotkey | 406 | |
| Use ability | 49 | |
2030 total
» units
| Peon | 13 | |
| Troll Headhunter/Berserker | 25 | |
38 total
» upgrades
| Ranged Weapons | 1 | |
| Armor | 1 | |
| Troll Regeneration | 1 | |
| Berserker Upgrade | 1 | |
4 total
» buildings
| Altar of Storms | 1 | |
| Orc Burrow | 4 | |
| War Mill | 1 | |
| Barracks | 2 | |
| Voodoo Lounge | 1 | |
| Stronghold | 3 | |
| Fortress | 3 | |
| Spirit Lodge | 1 | |
16 total
» build order
00:09 Altar of Storms
00:21 Orc Burrow
00:35 War Mill
01:44 Barracks
01:54 Barracks
02:06 Orc Burrow
02:25 Voodoo Lounge
04:06 Orc Burrow
05:55 Stronghold
05:55 Stronghold
09:02 Fortress
09:03 Fortress
10:46 Spirit Lodge
11:08 Orc Burrow
» items
| Healing Salve | 3 | |
| Lesser Clarity Potion | 2 | |
| Boots of Speed | 1 | |
| Potion of Healing | 1 | |
7 total

»
TIMG5STrok (
pink | 176 APM | 2490 actions | 14:08)
4 Far Seer
2 Feral Spirit
2 Chain Lighting
3 Shadow Hunter
1 Hex
2 Healing Wave
» actions
| Assign group hotkey | 22 | |
| Basic commands | 57 | |
| Build / train | 41 | |
| ESC pressed | 1 | |
| Enter build submenu | 10 | |
| Enter hero's abilities submenu | 7 | |
| Right click | 1258 | |
| Select / deselect | 229 | |
| Select group hotkey | 784 | |
| Use ability | 81 | |
2490 total
» units
» upgrades
» buildings
| Altar of Storms | 1 | |
| Orc Burrow | 4 | |
| Barracks | 1 | |
| Stronghold | 1 | |
| Voodoo Lounge | 1 | |
| Beastiary | 2 | |
| Fortress | 1 | |
| War Mill | 1 | |
12 total
» build order
00:03 Altar of Storms
00:25 Orc Burrow
00:39 Barracks
01:37 Orc Burrow
02:43 Stronghold
03:58 Orc Burrow
04:01 Voodoo Lounge
05:08 Beastiary
05:08 Beastiary
05:39 Orc Burrow
08:05 Fortress
11:14 War Mill
» items
| Healing Salve | 3 | |
| Lesser Clarity Potion | 2 | |
| Scroll of Speed | 1 | |
| Scroll of Town Portal | 1 | |
7 total
Chat log
(00:04 / Allies) SDFWESDER: mass
(00:06 / Allies) TIMG5STrok: ok
(00:11 / Allies) SDFWESDER: u want ghrunt
(00:12 / Allies) SDFWESDER: of tc
(00:14 / Allies) SDFWESDER: or hh
(00:18 / All) SDFWESDER: you pick races
(00:19 / All) TIMG5STrok: you tower rushed an orc
(00:22 / All) TIMG5STrok: it won, surprise
(00:24 / All) ThePeachyPOOH: so?
(00:29 / All) zA.AbazA: was it even a game?
(00:30 / All) ThePeachyPOOH: pros use random
(00:33 / All) ThePeachyPOOH: since they are pro at every race
(00:36 / All) ThePeachyPOOH: wesder
(00:39 / All) SDFWESDER: that's red having no life
(00:42 / All) ThePeachyPOOH: u see oc with his sun burn?
(00:46 / All) SDFWESDER: no
(00:50 / All) ThePeachyPOOH: tina sent me it
(00:51 / Allies) SDFWESDER: what hero u getting
(00:54 / All) ThePeachyPOOH: good shit
(00:54 / All) zA.AbazA: he's dwelling on a 3 month old replay
(00:57 / Allies) TIMG5STrok: idk fs i guess
(01:02 / Allies) SDFWESDER: k
(01:02 / All) zA.AbazA: having no life as in, raging
(01:06 / All) SDFWESDER: no
(01:07 / All) SDFWESDER: as in you
(01:08 / All) SDFWESDER: still
(01:10 / All) SDFWESDER: trying to steal ggl
(01:13 / All) TIMG5STrok: lmao
(01:18 / All) zA.AbazA: why would I want a newbie clan?
(01:21 / All) ThePeachyPOOH: who cares about ggl?
(01:22 / All) ThePeachyPOOH: honeslty?
(01:23 / All) SDFWESDER: http://img194.imageshack.us/gal.php?g=war1trk.jpg
(01:25 / All) SDFWESDER: right there lol
(01:27 / All) zA.AbazA: I changed my mind then
(01:29 / All) zA.AbazA: you're so bad
(01:30 / All) ThePeachyPOOH: he probably wanted to backstab it
(01:33 / All) SDFWESDER: we're what
(01:34 / All) SDFWESDER: 10-1 now
(01:40 / All) ThePeachyPOOH: actually
(01:43 / All) zA.AbazA: having no life rofl
(01:44 / All) ThePeachyPOOH: u havent beaten me once
(01:45 / All) zA.AbazA: i only played 3
(01:48 / All) SDFWESDER: am i talking to you
(01:49 / All) SDFWESDER: ?
(01:52 / All) ThePeachyPOOH: im just saying
(01:54 / All) zA.AbazA: son, i think u are
(01:55 / All) ThePeachyPOOH: im like 20-0 vs u
(01:59 / All) SDFWESDER: don't you have someone to e-date blue
(02:02 / All) SDFWESDER: like morgan
(02:03 / All) ThePeachyPOOH: morgan
(02:04 / All) ThePeachyPOOH: yup
(02:05 / All) zA.AbazA: if ur not, then ur probably busy on my cock
(02:08 / All) ThePeachyPOOH: Ask cool mike
(02:09 / All) ThePeachyPOOH: he has her now
(02:11 / All) TIMG5STrok: what happened you got an e girlfriend
(02:18 / All) SDFWESDER: abaza if anyone rides cock her
(02:19 / All) zA.AbazA: no shit
(02:20 / All) zA.AbazA: i got
(02:21 / All) SDFWESDER: it's you on coolmikes dick
(02:25 / All) zA.AbazA: 10000 egfs
(02:28 / All) zA.AbazA: including your mom
(02:32 / All) TIMG5STrok: can you not get a girl in real life
(02:34 / All) SDFWESDER: mom joke
(02:35 / All) TIMG5STrok: thats kind of sad
(02:35 / All) SDFWESDER: oh shit
(02:42 / All) zA.AbazA: we like taking turns sucking your dads dick
(02:45 / All) ThePeachyPOOH: u guys are about to get e-raped
(02:54 / All) SDFWESDER: i hope so
(02:59 / All) SDFWESDER: you have a set stratedgy
(03:22 / All) ThePeachyPOOH: why did he just coil that?
(03:32 / All) SDFWESDER: who cares
(04:18 / All) SDFWESDER: LOL
(04:20 / All) TIMG5STrok: nice
(04:31 / All) TIMG5STrok: gj red
(04:34 / All) ThePeachyPOOH: oh god
(05:36 / All) zA.AbazA: 10-1 vs abusers ?
(05:47 / All) SDFWESDER: what are you talking about
(05:50 / All) ThePeachyPOOH: idk
(06:00 / Allies) SDFWESDER: coming
(06:10 / Allies) SDFWESDER: 100g
(07:07 / All) zA.AbazA: you honestly fail at surrounding 90% of the time
(07:12 / All) ThePeachyPOOH: ...
(07:18 / All) TIMG5STrok: you shouldnt say that to somebody whokilled you and made you tp already
(07:30 / All) zA.AbazA: what r u gonna do about it?
(07:44 / All) TIMG5STrok: gloat???
(07:53 / All) zA.AbazA: go 4 it
(07:56 / All) TIMG5STrok: done
(08:00 / Allies) TIMG5STrok: brt
(08:07 / All) ThePeachyPOOH: purple./
(08:10 / All) ThePeachyPOOH: u want more hhs dead/
(09:35 / All) ThePeachyPOOH: fucking partner
(09:36 / All) ThePeachyPOOH: look at him
(10:21 / Allies) SDFWESDER: go back
(10:24 / Allies) TIMG5STrok: ye
(10:25 / Allies) TIMG5STrok: had to heal
(10:39 / Allies) TIMG5STrok: get some lodges?
(10:44 / Allies) TIMG5STrok: or want me to
(10:51 / Allies) SDFWESDER: gogo
(13:35 / All) TIMG5STrok: this is where you leave
(13:43 / All) SDFWESDER: good game, losers
(13:46 / All) zA.AbazA: that just sounded
(13:48 / All) zA.AbazA: so nerdy
(13:50 / All) zA.AbazA: and fruity
(13:52 / All) zA.AbazA: i wanna hear more
(13:52 / All) SDFWESDER: ty
(13:55 / All) TIMG5STrok: gg
(13:56 / All) SDFWESDER: leave
(13:57 / All) TIMG5STrok: thanks for the win
(14:05 / All) zA.AbazA: thats better